 Dungeon Crawl Stone Soup version 0.30-a0-883-g5ad918d77d (webtiles) character file.

Game seed: 3017553351335315105

16414 Zenkrye the Spear-Bearer (level 12, -1/97 HPs)
             Began as a Human Cinder Acolyte on Mar 15, 2023.
             Was a High Priest of Ignis.
             Slain by an eight-headed hydra (11 damage)
             ... on level 2 of the Lair of Beasts.
             The game lasted 00:43:26 (16403 turns).

Zenkrye the Spear-Bearer (Human Cinder Acolyte)    Turns: 16403, Time: 00:43:27

Health: -1/97      AC: 21    Str: 19    XL:     12   Next: 69%
Magic:  7/13       EV: 10    Int: 26    God:    Ignis [*****.]
Gold:   804        SH:  5    Dex: 10    Spells: 11/13 levels left

rFire   + . .      SeeInvis .    F - +2 spear (venom)
rCold   . . .      Faith    .    z - +0 buckler
rNeg    . . .      Spirit   .    P - +0 swamp dragon scales
rPois   +          Reflect  .    e - +2 helmet
rElec   .          Rampage  .    A - +2 cloak
rCorr   .                        f - +1 pair of gloves
Will    .....                    l - +1 pair of boots Stlth
                                 (no amulet)
HPRegen 0.36/turn                T - +6 ring of intelligence
MPRegen 0.13/turn                t - +6 ring of intelligence

@: no status effects
A: no striking features
a: Renounce Religion, Fiery Armour, Foxfire Swarm, Rising Flame


You were on level 2 of the Lair of Beasts.
You worshipped Ignis.
Ignis was extremely pleased with you.
You visited 2 branches of the dungeon, and saw 14 of its levels.

You collected 804 gold pieces.

Inventory:

Hand Weapons
 a - a -1 spear of flaming
 u - a +1 spear of flaming
 E - a +0 trident
 F - a +2 spear of venom (weapon)
Missiles
 p - 30 poisoned darts (quivered)
 x - 3 boomerangs
Armour
 b - a +0 robe
 e - a +2 helmet (worn)
 f - a +1 pair of gloves (worn)
 h - a +0 ring mail
 k - a +0 chain mail
 l - a +1 pair of boots (worn)
 m - a +3 ring mail
 y - a +2 leather armour of poison resistance
 z - a +0 buckler (worn)
 A - a +2 cloak (worn)
 C - a +0 scale mail
 H - a +0 plate armour
 P - +0 swamp dragon scales (worn)
Jewellery
 c - a ring of ice
 o - a ring of poison resistance
 t - a +6 ring of intelligence (right hand)
 N - a ring of see invisible
 T - a +6 ring of intelligence (left hand)
Wands
 B - a wand of digging (5) {@v1}
 I - a wand of quicksilver (5)
 M - a wand of roots (10)
Scrolls
 q - a scroll of blinking {@r4}
 v - 2 scrolls of enchant weapon
 D - 2 scrolls of magic mapping
 G - a scroll of immolation
 L - 2 scrolls of teleportation {@r3}
 O - a scroll of amnesia
Potions
 d - 2 potions of resistance {@q6}
 g - a potion of ambrosia
 i - a potion of haste {@q3}
 j - 2 potions of flight
 n - 2 potions of magic
 r - 4 potions of mutation
 s - 3 potions of curing {@q1}
 w - a potion of brilliance
 K - 3 potions of heal wounds {@q2}
 Q - a potion of cancellation {unknown}
Miscellaneous
 J - a tin of tremorstones (inert)


   Skills:
 + Level 10.0 Fighting
 + Level 13.2 Polearms
 + Level 9.5 Armour
 - Level 5.0 Shields
 - Level 1.0 Spellcasting
 - Level 3.0 Fire Magic
 - Level 5.0 Evocations


You had 11 spell levels left.
You knew the following spells:

 Your Spells              Type           Power      Damage    Failure   Level
a - Scorch                Fire           32%        2d6       10%         2

Your spell library contained the following spells:

 Spells                   Type           Power      Damage    Failure   Level
 Magic Dart               Conj           4%         1d3       22%         1
 Call Imp                 Summ           1%         N/A       34%         2
 Lesser Beckoning         Tloc           2%         N/A       34%         2
 Gell's Gravitas          Tloc           1%         N/A       56%         3
 Mephitic Cloud           Conj/Pois/Air  1%         N/A       56%         3
 Ozocubu's Armour         Ice            1%         N/A       56%         3
 Teleport Other           Tloc           1%         N/A       56%         3
 Tukima's Dance           Hex            1%         N/A       56%         3
 Passage of Golubria      Tloc           1%         N/A       92%         4
 Metabolic Englaciation   Hex/Ice        0%         N/A       99%         5
 Summon Forest            Summ/Tloc      0%         N/A       99%         5
 Summon Mana Viper        Hex/Summ       1%         N/A       99%         5
 Yara's Violent Unravell  Hex/Tmut       0%         3d3       99%         5
 Simulacrum               Ice/Necr       0%         N/A       100%        6
 Summon Cactus Giant      Summ           0%         N/A       100%        6


Dungeon Overview and Level Annotations

Branches:
Dungeon (11/15)            Temple (0/1) D:4            Lair (3/5) D:9
 Shoals (0/4) Lair:3
  Snake: Lair:2-3    Spider: Lair:2-3       Orc: D:9-12

Altars:
Cheibriados
Elyvilon
Gozag
Qazlal
Trog
Uskayaw
Wu Jian
Xom
The Shining One

Shops:
D:5 =   D:7 **

Annotations:
D:5 5 runed translucent doors, viagra's ghost, amateur BaFi
Lair:1 Gastronok


Message History

You block the eight-headed hydra's attack. x2
You hit the eight-headed hydra.
The eight-headed hydra is moderately wounded.
Casting: Scorch (safe; 10% risk of failure)
Confirm with . or Enter, or press ? or * to list all spells.
Flames lash the eight-headed hydra.
The eight-headed hydra is heavily wounded.
The eight-headed hydra's fire resistance burns away.
The eight-headed hydra bites you but does no damage. x2
The eight-headed hydra bites you. x2
The eight-headed hydra completely misses you.
The eight-headed hydra bites you but does no damage. x2
The eight-headed hydra closely misses you.
Casting: Scorch (safe; 10% risk of failure)
Confirm with . or Enter, or press ? or * to list all spells.
Flames lash the eight-headed hydra.
The eight-headed hydra is burned terribly!
The eight-headed hydra is heavily wounded.
The eight-headed hydra bites you. x2; The eight-headed hydra misses you.
The eight-headed hydra closely misses you.
The eight-headed hydra bites you.
The eight-headed hydra closely misses you.
The eight-headed hydra bites you! x2
* * * LOW HITPOINT WARNING * * *
Casting: Scorch (safe; 10% risk of failure)
Confirm with . or Enter, or press ? or * to list all spells.
Flames lash the eight-headed hydra.
The eight-headed hydra is burned terribly!
The eight-headed hydra is severely wounded.
The eight-headed hydra bites you.
* * * LOW HITPOINT WARNING * * *
The eight-headed hydra bites you!
* * * LOW HITPOINT WARNING * * *
The eight-headed hydra bites you.
* * * LOW HITPOINT WARNING * * *
You block the eight-headed hydra's attack.
The eight-headed hydra bites you.
* * * LOW HITPOINT WARNING * * *
The eight-headed hydra bites you!
You die...

..................#
###.....P#######..##
####....## #.<.#
..##[..#########..##
..##.....#....##..P#
.......###........##
..##....##....##..###
#.##...###...##P....#
####...##....###@D###
.......###..###....#
.......###...###...#
........#.#.##.....#
..................##
..................P#
......##.###.##.#.##
......###...####..##
..#...P#.......##.P#


You could see an eight-headed hydra (very poisoned, combustible).

Vanquished Creatures
  Erica (D:11)
  2 two-headed ogres (D:9)
  A boulder beetle (D:11)
  Nergalle (Lair:1)
  Pikel (D:4)
  A cyclops (D:11)
  A torpor snail (Lair:2)
  Maggie (Lair:1)
  Psyche (D:8)
  6 cane toads
  A rime drake (Lair:2)
  3 komodo dragons
  A polar bear (Lair:1)
  2 trolls
  5 blink frogs
  3 dream sheep (Lair:2)
  Sigmund (D:4)
  A shadow (D:9)
  A wyvern (D:6)
  7 yaks
  A vampire (D:10)
  2 basilisks
  Grum (D:11)
  Edmund (D:5)
  5 water moccasins
  2 acid dragons
  4 orc warriors
  A sky beast (D:7)
  A black bear (D:3)
  2 ice beasts
  4 centaurs
  2 ogres (D:5)
  3 wolves (D:11)
  A lemure (D:4)
  2 phantoms
  3 kobold brigands
  4 bullfrogs
  4 scorpions
  A gnoll sergeant (D:8)
  10 killer bees
  2 howler monkeys
  6 hounds
  A gnoll bouda (D:5)
  6 orc priests
  2 jellies
  2 sleepcaps
  3 iguanas
  15 orc wizards
  Robin (D:3)
  11 gnolls
  10 adders
  A shadow imp (D:7)
  2 white imps
  An ufetubus (D:6)
  4 worms
  6 dart slugs
  27 orcs
  6 bats
  6 endoplasms
  5 giant cockroaches
  16 goblins
  10 hobgoblins
  3 jackals (D:2)
  5 quokkas
  9 ball pythons
  5 frilled lizards
  27 kobolds
  10 rats
297 creatures vanquished.

Vanquished Creatures (others)
  7 fungi
  10 plants
17 creatures vanquished.

Grand Total: 314 creatures vanquished

Notes
Turn   | Place    | Note
-------+----------+-------------------------------------------
     0 | D:1      | Zenkrye the Human Cinder Acolyte began the quest for the
                  | Orb.
     0 | D:1      | Reached XP level 1. HP: 18/18 MP: 2/2
   215 | D:1      | Reached XP level 2. HP: 16/24 MP: 3/3
   373 | D:1      | Learned a level 2 spell: Scorch
   560 | D:1      | Reached skill level 4 in Polearms
   560 | D:1      | Reached XP level 3. HP: 29/29 MP: 4/4
  1200 | D:2      | Reached XP level 4. HP: 28/35 MP: 5/5
  1716 | D:2      | Reached skill level 5 in Polearms
  1806 | D:3      | Reached XP level 5. HP: 41/41 MP: 1/6
  2219 | D:3      | Reached skill level 6 in Polearms
  2300 | D:3      | Noticed Robin
  2449 | D:3      | Killed Robin
  2450 | D:3      | Reached XP level 6. HP: 44/47 MP: 7/7
  2512 | D:3      | Noticed a black bear
  2618 | D:4      | Noticed Sigmund
  2655 | D:4      | Reached skill level 7 in Polearms
  2787 | D:3      | Killed a black bear
  2788 | D:3      | Reached XP level 7. HP: 40/52 MP: 2/8
  2978 | D:3      | Found a faded altar of an unknown god.
  3261 | D:3      | Reached skill level 8 in Polearms
  3342 | D:4      | Killed Sigmund
  3435 | D:4      | Noticed Pikel
  3449 | D:4      | Killed Pikel
  3450 | D:4      | Reached skill level 9 in Polearms
  3450 | D:4      | Reached XP level 8. HP: 58/58 MP: 9/9
  3608 | D:4      | Found a shimmering altar of Xom.
  3608 | D:4      | Found a white marble altar of Elyvilon.
  3720 | D:4      | Reached skill level 10 in Polearms
  3816 | D:4      | Found an ornate altar of the Wu Jian Council.
  3817 | D:4      | Found an opulent altar of Gozag.
  3860 | D:4      | Found a bloodstained altar of Trog.
  4019 | D:4      | Reached XP level 9. HP: 61/63 MP: 10/10
  4163 | D:4      | Found a staircase to the Ecumenical Temple.
  4176 | D:5      | Entered Level 5 of the Dungeon
  4239 | D:5      | Found Fosy's Jewellery Boutique.
  4672 | D:5      | Found a runed translucent door.
  4674 | D:5      | Found a runed translucent door.
  4770 | D:5      | Reached skill level 11 in Polearms
  4870 | D:5      | Found a runed translucent gate.
  4870 | D:5      | Found a runed translucent gate.
  4871 | D:5      | Found a runed translucent gate.
  5022 | D:5      | Noticed Edmund
  5035 | D:5      | Killed Edmund
  5168 | D:5      | Reached skill level 1 in Armour
  5504 | D:5      | Noticed viagra's ghost (amateur BaFi)
  5620 | D:6      | Reached skill level 5 in Shields
  5853 | D:6      | Found a snail-covered altar of Cheibriados.
  5853 | D:6      | Found a hide-covered altar of Uskayaw.
  6242 | D:6      | Found a glowing golden altar of the Shining One.
  6445 | D:7      | Reached XP level 10. HP: 64/71 MP: 0/11
  6973 | D:7      | Found Dyrcheqai's Specific Store.
  6974 | D:7      | Found Milire's General Store.
  7219 | D:7      | Reached skill level 12 in Polearms
  7574 | D:7      | Reached skill level 5 in Fighting
  8121 | D:8      | Noticed Psyche
  8170 | D:8      | Killed Psyche
  8473 | D:8      | Reached skill level 5 in Armour
  8880 | D:8      | Found a stormy altar of Qazlal.
  9451 | D:9      | Noticed a two-headed ogre
  9466 | D:9      | Killed a two-headed ogre
  9593 | D:9      | Found a staircase to the Lair.
  9758 | D:9      | Reached XP level 11. HP: 66/84 MP: 2/12
  9989 | D:9      | Reached skill level 1 in Evocations
 10254 | D:9      | Noticed a two-headed ogre
 10268 | D:9      | Killed a two-headed ogre
 10822 | D:10     | Entered Level 10 of the Dungeon
 12147 | Lair:1   | Entered Level 1 of the Lair of Beasts
 12445 | Lair:1   | Noticed Nergalle
 12454 | Lair:1   | Noticed Maggie
 12934 | D:11     | Noticed Grum
 12946 | D:11     | Killed Grum
 13235 | D:11     | Noticed Erica
 13249 | D:11     | Killed Erica
 13530 | D:11     | Noticed a cyclops
 13548 | D:11     | Killed a cyclops
 13718 | D:11     | Noticed a boulder beetle
 13746 | D:11     | Killed a boulder beetle
 13747 | D:11     | Reached skill level 5 in Evocations
 13751 | D:11     | Reached XP level 12. HP: 51/94 MP: 13/13
 13942 | D:11     | Noticed a boulder beetle
 13950 | D:11     | Noticed a boulder beetle
 14173 | Lair:1   | Killed Nergalle
 14533 | Lair:1   | Killed Maggie
 14565 | Lair:1   | Noticed Gastronok
 14884 | Lair:2   | Reached skill level 13 in Polearms
 15842 | Lair:2   | Reached skill level 10 in Fighting
 16190 | Lair:3   | Found a staircase to the Shoals.
 16220 | Lair:3   | Noticed an eight-headed hydra
 16403 | Lair:2   | Slain by an eight-headed hydra

Illustrated notes

Levels and vault maps discovered:
D:1:      dpeg_arrival_stonehenge_8_columns, layout_basic
D:2:      layout_loops_cross
D:3:      layout_basic, ebering_ecumenical_altar_webs, uniq_robin
D:4:      layout_cave_pools, mainiacjoe_overflow_alcove_4,
          nicolae_overflow_hidden_temple, temple_hall, roderic_filled_cross,
          uniq_sigmund, uniq_pikel
D:5:      lemuel_insect_pit, layout_basic, gammafunk_ghost_split,
          minmay_shop_enchanted_jewellery, uniq_edmund
D:6:      layout_basic, jmf_multi_god_temple, nicolae_tso_carved_into_rock,
          nicolae_ossuary_entry_ruins
D:7:      layout_gridville, nicolae_specific_store, minivault_11
D:8:      layout_gridville, mainiacjoe_overflow_concentric_impassable,
          uniq_psyche
D:9:      layout_irregular_city, lair_entry_dummy
D:10:     layout_basic, nzn_life_drinkers
D:11:     layout_irregular_city, uniq_grum, uniq_erica
Lair:1:   lemuel_slime, layout_cave_pods, chequers_serial_rivers_large_b,
          grunt_forest_small_clearing_treed, uniq_maggie, uniq_gastronok,
          uniq_nergalle
Lair:2:   layout_regular_city
Lair:3:   layout_regular_city, nicolae_shoals_entry_roost, dummy_spider_entry

Skill      XL: |  1  2  3  4  5  6  7  8  9 10 11 12 |
---------------+-------------------------------------+-----
Polearms       | 4 5 6 7 9 10 11 12 13 | 13.2
Shields        | 2 3 5 |  5.0
Armour         | 2 6 8 9 |  9.5
Fighting       | 4 7 8 10 | 10.0
Evocations     | 5 |  5.0
Spellcasting   | |  1.0
Fire Magic     | |  3.0

Action                     |  1- 3 |  4- 6 |  7- 9 | 10-12 || total
---------------------------+-------+-------+-------+-------++-------
  Melee: Spear             |   137 |   187 |   348 |   928 ||  1600
         Punch             |       |     2 |     1 |       ||     3
  Throw: Dart              |       |     8 |     4 |    44 ||    56
         Boomerang         |       |       |     6 |     9 ||    15
   Cast: Scorch            |     1 |    14 |    53 |    90 ||   158
  Evoke: Wand              |       |       |       |     4 ||     4
         Tin of tremorston |       |       |       |     2 ||     2
    Use: Scroll            |       |     3 |    10 |    16 ||    29
         Potion            |       |       |     2 |     6 ||     8
 Armour: Robe              |    10 |       |       |       ||    10
         Ring mail         |    30 |    74 |   105 |   227 ||   436
         Skin              |       |       |       |     1 ||     1
         Swamp dragon scal |       |       |       |    52 ||    52
  Dodge: Dodged            |    58 |    83 |    94 |   267 ||   502
  Block: Buckler           |       |       |    25 |   109 ||   134

Table legend: (Time is in decaauts)
 A = Elapsed time spent in this place.
 B = Non-inter-level travel time spent in this place.
 C = Inter-level travel time spent in this place.
 D = Time resting spent in this place.
 E = Time spent auto-exploring this place.
 F = Levels seen in this place.
 G = Mean time per level.
                   A        B        C        D        E       F      G
               +--------+--------+--------+--------+--------+-----+--------+
         Total |  15837 |  15079 |    758 |   2042 |  10286 |  14 | 1131.2 |
       Dungeon |  13355 |  12665 |    690 |   1864 |   8527 |  11 | 1214.1 |
          Lair |   2482 |   2414 |     68 |    178 |   1759 |   3 |  827.3 |
               +--------+--------+--------+--------+--------+-----+--------+

Top non-repeatable levels by time:
     D:9: 1741 daAuts
  Lair:2: 1583 daAuts
     D:8: 1573 daAuts
    D:10: 1378 daAuts
     D:5: 1329 daAuts
     D:3: 1307 daAuts
     D:7: 1190 daAuts
     D:1: 1076 daAuts
    D:11: 1061 daAuts
     D:4: 1015 daAuts
     D:6: 927 daAuts
     D:2: 752 daAuts
  Lair:1: 750 daAuts
  Lair:3: 148 daAuts
